 Dungeon Crawl Stone Soup version 0.30-a0-159-g068b764562 (webtiles) character file.

Game seed: 14488683530370772210

149573 Ofeo the Spry (level 17, -4/119 HPs)
             Began as an Octopode Air Elementalist on Sept 25, 2022.
             Was an Initiate of Gozag.
             Slain by a ghost moth (8 damage)
             ... on level 2 of the Lair of Beasts on Sept 27, 2022.
             The game lasted 02:45:31 (58713 turns).

Ofeo the Spry (Octopode Air Elementalist)          Turns: 58713, Time: 02:45:31

Health: -4/119     AC:  1    Str:  5 (7)  XL:     17   Next: 51%
Magic:  0/45       EV: 27    Int: 33 (38) God:    Gozag
Gold:   241        SH:  0    Dex: 17 (20) Spells: 14/46 levels left

rFire   + . .      SeeInvis .    E - +5 longbow of Sunlight {venom, rElec Will++ Int+2 Stlth-}
rCold   + + .      Faith    .    (shield currently unavailable)
rNeg    + + +      Spirit   .    (helmet restricted)
rPois   +          Reflect  .    W - macabre finger necklace {rN+}
rElec   +          Harm     .    m - ring of wizardry
rCorr   +          Rampage  .    D - +6 ring of intelligence
Will    +++..                    C - +6 ring of intelligence
Stlth   +++.......               c - ring "Tenkyu" {rElec rC+ rN++}
HPRegen 0.29/turn                P - +6 ring of dexterity
MPRegen 0.29/turn                e - ring of poison resistance
                                 Y - ring of magical power
                                 K - +4 ring of evasion
                                 (no ring)

@: about to teleport, resistant, hasted, very quick
A: almost no armour, amphibious, 8 rings, camouflage 1, gelatinous body 1,
(nimble swimmer 1), tentacles
a: Renounce Religion, Potion Petition, Call Merchant, Bribe Branch


You were on level 2 of the Lair of Beasts.
You worshipped Gozag.
Gozag was aware of your devotion.
You visited 5 branches of the dungeon, and saw 24 of its levels.

You collected 3812 gold pieces.
You spent 1602 gold pieces at shops.
You paid 1969 gold pieces to Gozag.

Inventory:

Hand Weapons
 E - the +5 longbow of Sunlight (weapon) {venom, rElec Will++ Int+2 Stlth-}
   (You found it on level 5 of the Lair of Beasts)

   Any ammunition fired from it poisons the flesh of those it strikes.
   Int:       It affects your intelligence (+2).
   rElec:     It insulates you from electricity.
   Will:      It greatly increases your willpower.
   Stlth:     It makes you less stealthy.
 F - the +4 arbalest "Ziukaerch" {vorpal, rElec Will+ Str+3}
   (You found it on level 7 of the Dungeon)

   Any ammunition fired from it inflicts extra damage upon your enemies.
   Str:       It affects your strength (+3).
   rElec:     It insulates you from electricity.
   Will:      It increases your willpower.
Missiles
 O - 3 throwing nets
Armour
 z - a +0 kite shield
Jewellery
 c - the ring "Tenkyu" (on tentacle) {rElec rC+ rN++}
   (You bought it in a shop on level 8 of the Dungeon)

   [ring of protection from cold]

   rC:        It protects you from cold.
   rElec:     It insulates you from electricity.
   rN:        It greatly protects you from negative energy.
 e - a ring of poison resistance (on tentacle)
 m - a ring of wizardry (left tentacle)
 s - an amulet of reflection
 C - a +6 ring of intelligence (on tentacle)
 D - a +6 ring of intelligence (right tentacle)
 K - a +4 ring of evasion (on tentacle)
 P - a +6 ring of dexterity (on tentacle)
 U - the ring of Dume {Ice rElec rCorr Dex-5 Stlth+}
   (You found it on level 13 of the Dungeon)

   [ring of ice]

   It enhances your ice magic.
   Dex:       It affects your dexterity (-5).
   rF:        It makes you vulnerable to fire.
   rC:        It protects you from cold.
   rElec:     It insulates you from electricity.
   rCorr:     It protects you from acid and corrosion.
   Stlth:     It makes you more stealthy.
 V - a ring of flight
 W - the macabre finger necklace (around mantle) {rN+}
   (You took it off a deep elf pyromancer on level 14 of the Dungeon)

   [amulet of nothing]

   It enables you to equip an extra ring.
   rN:        It protects you from negative energy.
 Y - a ring of magical power (on tentacle)
Wands
 k - a wand of polymorph (12)
 p - a wand of mindburst (11)
 I - a wand of flame (7)
 N - a wand of charming (23)
Scrolls
 b - a scroll of silence
 d - 2 scrolls of blinking {@r4}
 f - 3 scrolls of magic mapping
 i - 4 scrolls of identify {@r1}
 n - 3 scrolls of teleportation {@r3}
 o - 2 scrolls of fear
 u - 2 scrolls of butterflies
 v - 4 scrolls of poison
 x - 5 scrolls of enchant armour
 y - 5 scrolls of vulnerability
 B - 4 scrolls of immolation
 L - 2 scrolls of amnesia
 M - 3 scrolls of enchant weapon
 R - a scroll of brand weapon
Potions
 a - a potion of magic
 g - 5 potions of berserk rage
 j - 2 potions of haste {@q3}
 l - 3 potions of cancellation
 q - 7 potions of curing {@q1}
 r - 7 potions of lignification
 t - 6 potions of attraction
 w - 4 potions of mutation
 A - 2 potions of might {@q4}
 H - 3 potions of brilliance
 J - 3 potions of flight
 Q - a potion of invisibility
 T - a potion of ambrosia
Miscellaneous
 G - a lightning rod (4/4)
 S - a condenser vane
 X - a phantom mirror


   Skills:
 - Level 11.8 Fighting
 - Level 16.5 Dodging
 - Level 5.6 Stealth
 - Level 15.2 Spellcasting
 + Level 5.7 Conjurations
 - Level 5.0 Hexes
 - Level 4.9 Summonings
 - Level 13.7 Air Magic


You had 14 spell levels left.
You knew the following spells:

 Your Spells              Type           Power      Damage    Failure   Level
a - Shock                 Conj/Air       100%       1d9       1%          1
b - Static Discharge      Conj/Air       100%       2-7/arc   1%          2
c - Swiftness             Air            86%        N/A       0%          3
d - Summon Guardian Gole  Hex/Summ       55%        N/A       1%          3
e - Airstrike             Air            43%        2d(7-23)  1%          4
f - Call Canine Familiar  Summ           55%        N/A       1%          3
g - Spider Form           Tmut/Pois      25%        N/A       1%          3
h - Conjure Ball Lightni  Conj/Air       37%        3x3d12    1%          6
i - Orb of Destruction    Conj           29%        9d9       45%         7

Your spell library contained the following spells:

 Spells                   Type           Power      Damage    Failure   Level
 Beastly Appendage        Tmut           50%        N/A       1%          1
 Necrotise                Necr           100%       1d9       1%          1
 Slow                     Hex            100%       N/A       1%          1
 Summon Small Mammal      Summ           100%       N/A       1%          1
 Wereblood                Tmut           25%        N/A       1%          2
 Confusing Touch          Hex            55%        N/A       1%          3
 Gell's Gravitas          Tloc           25%        N/A       1%          3
 Inner Flame              Hex/Fire       41%        N/A       1%          3
 Kindle Blastsparks       Fire/Tloc/Air  100%       2d18      1%          3
 Lesser Beckoning         Tloc           25%        N/A       1%          3
 Teleport Other           Tloc           25%        N/A       1%          3
 Tukima's Dance           Hex            55%        N/A       1%          3
 Vampiric Draining        Necr           25%        2d7       1%          3
 Cause Fear               Hex            27%        N/A       1%          4
 Flame Wave               Conj/Fire      44%        2d11      1%          4
 Iskenderun's Battlesphe  Conj           59%        2d11      1%          5
 Fireball                 Conj/Fire      22%        3d10      6%          5
 Summon Forest            Summ/Tloc      20%        N/A       7%          5
 Yara's Violent Unravell  Hex/Tmut       20%        3d9       7%          5
 Agony                    Necr           25%        N/A       19%         5
 Summon Hydra             Summ           27%        N/A       56%         7
 Eringya's Noxious Bog    Tmut/Pois      12%        N/A       67%         6
 Discord                  Hex            27%        N/A       99%         8


Dungeon Overview and Level Annotations

Branches:
Dungeon (15/15)            Temple (1/1) D:6            Lair (5/5) D:11
 Shoals (0/4) Lair:2       Spider (1/4) Lair:2        Slime (0/5) Lair:4
    Orc (2/2) D:12            Elf (0/3) Orc:2        Vaults (0/5) D:13
 Depths (0/4) D:15

Altars:
Ashenzari
Cheibriados
Dithmenos
Elyvilon
Fedhas
Gozag
Hepliaklqana
Kikubaaqudgha
Makhleb
Nemelex Xobeh
Okawaru
Qazlal
Ru
Sif Muna
Trog
Uskayaw
Vehumet
Wu Jian
Xom
Yredelemnul
Zin
The Shining One
Ignis
Jiyva

Shops:
D:6 *   D:8 (=?*   D:11 (   D:14 =   Orc:2 [*[[

Annotations:
D:5 Sigmund
D:6 exclusion: downstairs
D:15 exclusion: ice statue
Lair:3 exclusion: oklob plant


Innate Abilities, Weirdness & Mutations

You cannot wear most types of armour.
You are amphibious.
You can wear up to eight rings at the same time.
Your skin changes colour to match your surroundings (Stealth+).
Your rubbery body absorbs attacks. (AC +1, EV +1)
((You are camouflaged when in or above water. (Stealth+)))
You have tentacles for arms and can constrict up to eight enemies at once.


Message History

You shoot an arrow.
Your wolf barely misses something.
Your wolf closely misses something.
You feel you are being watched by something.
You feel your power leaking away. Something completely misses you.
Something hits you! Something barely misses you.
Your wolf bites something but does no damage.
Something barely misses you. Something hits you!
You feel dopey. Something completely misses you.
You take 24 damage, and have 41/119 hp.
MASSIVE DAMAGE!!
Okay, then.
As you read the scroll of teleportation {@r3}, it crumbles to dust.
You feel strangely unstable.
Your wolf bites something but does no damage.
You feel you are being watched by something.
Something hits you.
* * * LOW HITPOINT WARNING * * *
You feel weakened. Something hits you!
* * * LOW HITPOINT WARNING * * *
Something stings you.
* * * LOW HITPOINT WARNING * * *
You feel clumsy.
Your wolf closely misses something.
You take 19 damage, and have 22/119 hp. [a] - 480 gold - haste and resistance [b] - 480 gold - haste, resistance and might [c] - 360 gold - resistance and invisibility Purchase which effect?
You no longer have enough gold to petition Gozag for potion effects.
You feel yourself speed up.
You feel protected.
Your wolf barely misses something.
You feel you are being watched by something.
Something hits you!!
* * * LOW HITPOINT WARNING * * *
Something hits you!
You die...
Your body crumbles into a pile of gold.

.#...###.....### #####..# ####...
.##...###....#.# #..## #...
..##.###.......## ###..# #...
..######........# #.#.## ###..
#.# ##..........# #...######....
#.###..........## ##.##≈≈≈##....
#...#.#.###.....#####.#≈≈≈~~##...
.#..÷.#.# ##....##.##.#≈≈~>~≈##..
...÷...## #.#...@.....##≈~~~~~###
......## ####..{......###~~~~...
..##### #...h.......###~.... ###
#.............##....
####......#.#....#..
#...#.............
###............#..
#........^...###.
##..........^###.


You could see a friendly wolf (summoned).

Vanquished Creatures
  Jorgrun (Orc:1)
  Agnes (D:14)
  Frances (D:12)
  A dire elephant (Lair:5)
  An ettin (D:15)
  A fire dragon (D:15)
  Harold (Lair:1)
  Erolcha (Orc:2)
  10 hydras
  A catoblepas (Lair:5)
  5 vault guards (D:13)
  5 boulder beetles
  Erica (Lair:1)
  A satyr (shapeshifter) (D:15)
  7 centaur warriors
  5 orc high priests (Orc:2)
  4 two-headed ogres
  A deep troll shaman (Lair:5)
  2 tengu warriors
  10 death yaks (Lair:5)
  Sonja (Lair:1)
  Urug (Orc:2)
  A fire crab (Lair:4)
  2 deep trolls (D:15)
  A deep elf archer (D:13)
  An orb spider (Spider:1)
  2 lindwurms
  A necromancer (D:15)
  A wizard (D:14)
  13 orc knights
  2 wolf spiders (Spider:1)
  An orc sorcerer (D:15)
  An oklob plant (Lair:5)
  A mana viper (D:14)
  3 cyclopes
  4 manticores
  2 deep elf pyromancers
  14 ugly things
  6 elephants
  A merfolk siren (Lair:2)
  Maurice (D:9)
  Joseph (D:7)
  3 black mambas
  2 gargoyles
  15 cane toads
  A torpor snail (Lair:5)
  2 freezing wraiths (D:14)
  3 rime drakes
  A kobold demonologist (D:11)
  3 tengu conjurers
  3 efreet
  6 komodo dragons
  A polar bear (Lair:4)
  3 meliai (D:14)
  4 trolls
  Prince Ribbit (D:8)
  28 blink frogs
  4 dream sheep (Lair:4)
  Grinder (D:8)
  A tarantella (Spider:1)
  A slime creature (D:14)
  2 jumping spiders (Spider:1)
  A shadow (D:11)
  34 yaks
  2 water elementals (D:13)
  3 fire bats (D:14)
  2 wyverns (Lair:3)
  10 fire elementals
  A human (D:13)
  6 steam dragons
  3 vampire mosquitoes
  6 basilisks
  4 redbacks
  2 wargs (Orc:2)
  5 swamp worms (D:13)
  3 acid dragons
  12 water moccasins
  A hell hound (D:14)
  3 black bears
  25 orc warriors
  28 wolves
  3 ogres
  10 centaurs
  2 phantoms
  2 kobold brigands
  9 bullfrogs
  A necrophage (D:6)
  2 scorpions
  A gnoll sergeant (D:12)
  9 wights
  4 killer bees
  10 electric eels
  2 jellies (Lair:4)
  2 lava snakes (D:14)
  An iron imp (D:15)
  2 hounds
  32 orc priests
  2 gnoll boudas
  Ijyb (D:2)
  5 iguanas
  13 orc wizards
  13 gnolls
  8 adders
  A shadow imp (D:6)
  5 white imps
  2 dart slugs
  60 orcs
  11 ball pythons
  9 endoplasms
  5 giant cockroaches
  17 goblins
  8 hobgoblins
  6 jackals
  A quokka (D:5)
  3 bats
  2 frilled lizards
  17 kobolds
  8 rats
  A bush (Lair:5)
  A fire vortex (D:14)
648 creatures vanquished.

Vanquished Creatures (collateral kills)
  An orc knight (Orc:1)
  2 cyclopes
  3 ugly things (D:15)
  3 elephants
  A rime drake (Lair:3)
  2 kobold demonologists (D:10)
  Psyche (D:8)
  A komodo dragon (Lair:2)
  A slime creature (Lair:4)
  3 blink frogs
  A shadow (D:10)
  A wyvern (D:11)
  7 fire elementals
  A fire bat (D:14)
  5 vampire mosquitoes (D:12)
  A basilisk (Lair:2)
  3 redbacks (Lair:2)
  6 yaks
  2 water moccasins (Lair:4)
  3 orc warriors (Orc:1)
  An ogre (Orc:1)
  5 wolves
  4 kobold brigands
  4 bullfrogs
  A jelly (Lair:4)
  An orc priest (D:9)
  An iguana (D:6)
  2 orc wizards
  9 orcs
  7 kobolds
  8 ball lightnings
  A fire vortex (D:14)
92 creatures vanquished.

Vanquished Creatures (others)
  Snorg (D:11)
  A hydra (Lair:2)
  2 centaur warriors
  4 two-headed ogres
  Pikel (D:5)
  An ugly thing (D:13)
  A manticore (D:12)
  2 cyclopes (D:11)
  3 elephants
  A black mamba (Lair:3)
  A torpor snail (Lair:3)
  A cane toad (Lair:2)
  A komodo dragon (Lair:2)
  2 trolls
  5 blink frogs
  A wraith (D:10)
  A basilisk (D:11)
  11 yaks
  3 vampire mosquitoes
  Edmund (D:5)
  4 water moccasins
  2 orc warriors
  3 black bears
  2 ice beasts
  An ogre (D:7)
  3 wolves
  A lemure (D:5)
  A centaur (D:5)
  A kobold brigand (D:12)
  A scorpion (D:6)
  2 gnoll sergeants (D:12)
  5 wights
  A hound (D:5)
  An orc priest (D:6)
  An orc (D:9)
  491 ball lightnings
  A fire vortex (D:14)
  55 foxfires
  72 fungi
  99 plants
  5 toadstools (D:8)
796 creatures vanquished.

Grand Total: 1536 creatures vanquished

Notes
Turn   | Place    | Note
-------+----------+-------------------------------------------
     0 | D:1      | Ofeo the Octopode Air Elementalist began the quest for the
                  | Orb.
     0 | D:1      | Reached XP level 1. HP: 11/11 MP: 3/3
   481 | D:1      | Reached XP level 2. HP: 17/17 MP: 1/5
   540 | D:1      | Learned a level 2 spell: Static Discharge
  1254 | D:1      | Reached XP level 3. HP: 21/21 MP: 4/6
  1698 | D:2      | Found a faded altar of an unknown god.
  1705 | D:2      | Got Plato's Directory of Transmutation
  1835 | D:2      | Prayed at the altar of an unknown god.
  1835 | D:2      | Became a worshipper of Ignis, the Dying Flame
  2033 | D:2      | Noticed Ijyb
  2182 | D:2      | Killed Ijyb
  2183 | D:2      | Reached XP level 4. HP: 24/27 MP: 5/7
  2947 | D:3      | Learned a level 3 spell: Swiftness
  3613 | D:3      | Reached XP level 5. HP: 31/31 MP: 3/9
  3899 | D:3      | Found an iron altar of Okawaru.
  4197 | D:3      | Found a glowing silver altar of Zin.
  4252 | D:4      | Noticed a phantom
  4258 | D:4      | Killed a phantom
  4259 | D:4      | Reached skill level 3 in Dodging
  5059 | D:4      | Reached XP level 6. HP: 33/36 MP: 5/10
  5300 | D:4      | Found a shimmering blue altar of Sif Muna.
  5414 | D:4      | Noticed Eustachio
  5426 | D:4      | Eustachio changed into Eustachio the iguana
  5426 | D:4      | Noticed Eustachio
  5463 | D:4      | Found a blossoming altar of Fedhas.
  5470 | D:4      | Found an ornate altar of the Wu Jian Council.
  5605 | D:4      | Killed Eustachio the iguana
  6167 | D:5      | Entered Level 5 of the Dungeon
  6176 | D:5      | Noticed Grinder
  6393 | D:5      | Found a hide-covered altar of Uskayaw.
  6498 | D:5      | Noticed Edmund
  6553 | D:4      | Learned a level 3 spell: Summon Guardian Golem
  6588 | D:5      | Killed Edmund
  6589 | D:5      | Reached skill level 5 in Stealth
  6589 | D:5      | Reached XP level 7. HP: 41/41 MP: 8/12
  6878 | D:5      | Reached skill level 1 in Hexes
  6969 | D:5      | Reached skill level 4 in Dodging
  6969 | D:5      | Reached skill level 1 in Summonings
  7590 | D:5      | Reached skill level 5 in Air Magic
  7590 | D:5      | Reached XP level 8. HP: 32/46 MP: 10/14
  7880 | D:5      | Noticed Pikel
  7914 | D:5      | Killed Pikel
  7915 | D:5      | Reached skill level 5 in Dodging
  8047 | D:5      | Noticed Sigmund
  8981 | D:5      | Learned a level 4 spell: Airstrike
  8985 | D:5      | Learned a level 3 spell: Call Canine Familiar
  9266 | D:6      | Reached skill level 5 in Spellcasting
  9266 | D:6      | Reached XP level 9. HP: 27/51 MP: 6/16
  9266 | D:6      | Identified the +0 ring mail of Fun {rC+ Regen+}
  9553 | D:6      | Found an ancient bone altar of Kikubaaqudgha.
  9651 | D:6      | Found Vyohabb's General Store.
  9656 | D:6      | Bought a potion of lignification for 45 gold pieces
  9662 | D:6      | Found a staircase to the Ecumenical Temple.
 11026 | D:6      | Found a shimmering altar of Xom.
 11118 | D:7      | Noticed a manticore
 11477 | D:7      | Killed a manticore
 11478 | D:7      | Reached skill level 6 in Dodging
 11597 | D:7      | Identified the +4 arbalest "Ziukaerch" {vorpal, rElec Will+
                  | Str+3}
 11870 | D:7      | Reached skill level 5 in Hexes
 12522 | D:7      | Noticed Joseph
 12896 | D:7      | Killed Joseph
 12897 | D:7      | Reached XP level 10. HP: 37/56 MP: 0/19
 13606 | D:7      | Found a radiant altar of Vehumet.
 14320 | D:7      | Reached skill level 7 in Dodging
 14523 | D:8      | Found a basalt altar of Yredelemnul.
 14907 | D:8      | Killed Grinder
 15015 | D:8      | Noticed Psyche
 15031 | D:8      | Found Ziud's Antique Weapon Shoppe.
 15057 | D:8      | Found Acau's Jewellery Boutique.
 15114 | D:8      | Killed Psyche
 15197 | D:8      | Noticed Prince Ribbit
 15203 | D:8      | Killed Prince Ribbit
 15347 | D:8      | Found Balod's Magic Scroll Shoppe.
 15462 | D:8      | Found Leirr's Assorted Antiques.
 16187 | D:9      | Noticed a two-headed ogre
 16228 | D:8      | Killed a two-headed ogre
 16229 | D:8      | Reached skill level 8 in Dodging
 16616 | D:9      | Reached XP level 11. HP: 38/61 MP: 4/22
 16730 | D:9      | Noticed Maurice
 16848 | D:9      | Killed Maurice
 17808 | D:10     | Entered Level 10 of the Dungeon
 18033 | D:10     | Noticed a two-headed ogre
 18042 | D:10     | Killed a two-headed ogre
 18472 | D:8      | Bought a scroll labelled ECLECK DYVIEMI for 21 gold pieces
 18472 | D:8      | Bought a bone wand for 84 gold pieces
 18472 | D:8      | Bought a scroll of fear for 84 gold pieces
 18478 | D:9      | Acquired 712 gold pieces
 18544 | D:8      | Bought the ring "Tenkyu" {rElec rC+ rN++} for 792 gold
                  | pieces
 18647 | D:10     | Noticed a two-headed ogre
 18650 | D:10     | Killed a two-headed ogre
 18651 | D:10     | Reached skill level 9 in Dodging
 19605 | D:10     | Identified the +6 sling of Houd {vorpal, *Slow rN+ Will+
                  | Str+2}
 20469 | D:10     | Noticed a soul eater
 20605 | D:11     | Noticed a cyclops
 20610 | D:11     | Killed a cyclops
 20727 | D:11     | Noticed a sun demon
 20732 | D:10     | Reached skill level 10 in Air Magic
 20939 | D:11     | Found Ewechoops's Weapon Shop.
 21204 | D:11     | Noticed a cyclops
 21204 | D:11     | Noticed a boulder beetle
 21245 | D:11     | Killed a boulder beetle
 21501 | D:11     | Reached skill level 10 in Dodging
 21537 | D:11     | Killed a cyclops
 21538 | D:11     | Reached XP level 12. HP: 66/66 MP: 11/25
 21730 | D:11     | Found a staircase to the Lair.
 22184 | D:11     | Noticed a two-headed ogre
 22191 | D:11     | Killed a two-headed ogre
 22566 | D:11     | Noticed Snorg
 22591 | D:11     | Killed Snorg
 22717 | D:12     | Learned a level 3 spell: Spider Form
 23137 | D:12     | Reached skill level 10 in Spellcasting
 23650 | D:12     | Reached skill level 11 in Dodging
 23989 | D:12     | Noticed a two-headed ogre
 24013 | D:12     | Killed a two-headed ogre
 24130 | D:12     | Noticed a two-headed ogre
 24141 | D:12     | Killed a two-headed ogre
 24311 | D:12     | Noticed Frances
 24526 | Lair:1   | Entered Level 1 of the Lair of Beasts
 24527 | Lair:1   | Noticed Erica
 24534 | Lair:1   | Killed Erica
 24740 | Lair:1   | Noticed Sonja
 24744 | Lair:1   | Killed Sonja
 24918 | Lair:1   | Noticed Harold
 24931 | Lair:1   | Killed Harold
 25344 | Lair:1   | Reached XP level 13. HP: 71/71 MP: 9/27
 26173 | Lair:2   | Reached skill level 12 in Dodging
 28126 | Lair:2   | Found a hole to the Spider Nest.
 28138 | Lair:2   | Found a staircase to the Shoals.
 29230 | Lair:3   | Reached skill level 13 in Dodging
 29799 | Lair:3   | Reached XP level 14. HP: 76/76 MP: 11/30
 31142 | Lair:4   | Reached XP level 15. HP: 94/94 MP: 31/31
 32202 | Lair:4   | Learned a level 6 spell: Conjure Ball Lightning
 32298 | Lair:4   | Found a staircase to the Slime Pits.
 32298 | Lair:4   | Found a viscous altar of Jiyva.
 33549 | Lair:5   | Entered Level 5 of the Lair of Beasts
 33827 | Lair:5   | Reached skill level 14 in Dodging
 36928 | Lair:5   | Identified the +5 longbow of Sunlight {venom, rElec Will++
                  | Int+2 Stlth-}
 37688 | Lair:5   | Reached XP level 16. HP: 97/107 MP: 10/33
 38733 | Lair:5   | Got the Guide on Red-Hot Imprecation
 39336 | D:12     | Killed Frances
 39434 | D:12     | Found a staircase to the Orcish Mines.
 39824 | Orc:1    | Entered Level 1 of the Orcish Mines
 40268 | D:12     | Found a staircase to the Orcish Mines.
 41186 | Orc:1    | Noticed Jorgrun
 41192 | Orc:1    | Killed Jorgrun
 41193 | Orc:1    | Reached skill level 15 in Dodging
 41598 | Orc:2    | Entered Level 2 of the Orcish Mines
 41598 | Orc:2    | Noticed Erolcha
 41603 | Orc:2    | Killed Erolcha
 41765 | Orc:2    | Noticed Urug
 41770 | Orc:2    | Killed Urug
 43203 | Orc:2    | Reached skill level 10 in Fighting
 43751 | Orc:2    | Found Pallueri's Assorted Antiques.
 43751 | Orc:2    | Found Utziziph's Armour Shop.
 43752 | Orc:2    | Found Utroggast's Armour Shop.
 43752 | Orc:2    | Found Qagukk's Armour Boutique.
 43834 | Orc:2    | Found a staircase to the Elven Halls.
 44047 | Temple   | Entered the Ecumenical Temple
 44086 | Temple   | Upgraded the game from 0.30-a0-140-gd1020e658a to
                  | 0.30-a0-141-g30f27751c5
 44102 | Temple   | Fell from the grace of Ignis
 44102 | Temple   | Became a worshipper of Gozag Ym Sagoz the Greedy
 44298 | D:13     | You fall into a shaft and drop 2 floors!
 44298 | D:15     | Entered Level 15 of the Dungeon
 44378 | D:15     | Found a snail-covered altar of Cheibriados.
 45128 | D:13     | Found a transporter.
 46448 | D:13     | Found a transporter.
 46456 | D:13     | Identified the +1 cloak of the Sixty-Six Beggars {*Slow rF+
                  | Str+6}
 46458 | D:13     | Identified the ring of Dume {Ice rElec rCorr Dex-5 Stlth+}
 46790 | D:13     | Found a gate to the Vaults.
 48441 | D:14     | Identified the +6 mace of Obsession {flame, *Noise rC+
                  | Str+3 Dex+3}
 48449 | D:14     | Reached skill level 16 in Dodging
 48680 | D:14     | Noticed Nessos
 48681 | D:14     | Nessos changed into Nessos the mana viper
 48681 | D:14     | Noticed Nessos
 48683 | D:14     | Killed Nessos the mana viper
 49024 | D:14     | Reached XP level 17. HP: 106/117 MP: 25/35
 50728 | D:14     | Reached skill level 15 in Spellcasting
 50942 | D:14     | Noticed Agnes
 50946 | D:14     | Killed Agnes
 51503 | D:8      | Bought a +4 ring of evasion for 576 gold pieces
 51620 | D:15     | Upgraded the game from 0.30-a0-141-g30f27751c5 to
                  | 0.30-a0-149-g7f746667c4
 52263 | D:14     | Found Edas's Jewellery Shop.
 55767 | D:15     | Found a staircase to the Depths.
 57647 | D:15     | Found a shadowy altar of Dithmenos.
 57758 | D:15     | Reached skill level 5 in Conjurations
 58063 | D:14     | Learned a level 7 spell: Orb of Destruction
 58236 | Spider:1 | Entered Level 1 of the Spider Nest
 58472 | Lair:1   | Was forgiven by Ignis
 58583 | D:11     | Upgraded the game from 0.30-a0-149-g7f746667c4 to
                  | 0.30-a0-159-g068b764562
 58713 | Lair:2   | HP: 4/119 [something (19)]
 58713 | Lair:2   | Slain by a ghost moth

Illustrated notes

Levels and vault maps discovered:
D:1:      dpeg_cavernosity, layout_rooms, minmay_tetromino_l4
D:2:      kennysheep_the_goblin_king, layout_basic,
          shapermc_ecumenical_altar_rom_forum, nicolae_figureground_pulse
D:3:      layout_basic, zin_scriptorium, kennysheep_okawaru_gauntlet,
          kennysheep_cluttered_room
D:4:      layout_rooms, mainiacjoe_overflow_alcove_2, fedhas_altar_1,
          lemuel_round_altar, uniq_eustachio
D:5:      layout_loops_ring, lemuel_coloured_pillars_altar, dk_vineyard_2,
          uniq_pikel, uniq_sigmund, uniq_grinder, uniq_edmund
D:6:      layout_basic, nicolae_overflow_crystal_walls,
          mainiacjoe_overflow_six_doors_small, minmay_temple_entry_mist,
          serial_shops, nicolae_shop_crystal
D:7:      cheibrodos_steamvent, layout_basic, fiery_altar_vehumet, uniq_joseph
D:8:      layout_basic, mainiacjoe_overflow_alcove_1, serial_shops, shop,
          nicolae_take_the_stairs, shop, shop_statue, st_stairs_7,
          minmay_gold_behind_fungi, uniq_prince_ribbit1, uniq_psyche
D:9:      layout_cave_pools, serial_bayou_ford_a, kennysheep_pointless_box,
          uniq_maurice
D:10:     layout_basic
D:11:     layout_basic, minmay_lair_entry_grove, serial_shops,
          nicolae_shop_crystal, serial_glass, glass_columns_a, glass_columns_a,
          uniq_snorg
D:12:     layout_roguey, kennysheep_orc_monster_closet_entryway, uniq_frances
D:13:     gammafunk_worm_tunnel, layout_basic, grunt_vaults_entry_fortified,
          minmay_misc_feat_diagonals
D:14:     minmay_the_grid_octo_triangle [minmay_the_grid_octo_clover,
          minmay_the_grid_octo_prize_single_spiral,
          minmay_the_grid_octo_odd_swirl], layout_grid_maze,
          hangedman_incinerator, uniq_nessos, uniq_agnes
D:15:     hangedman_depths_entry_civil_slaughter, layout_loops_ring,
          grunt_dithmenos_shadows, st_stairs_6, minivault_16, slow_altar_1
Temple:   nicolae_temple_godzebo
Lair:1:   layout_hall_layers, uniq_sonja, uniq_harold, uniq_erica
Lair:2:   layout_hall_layers, minmay_shoals_entry_lonely_mermaid,
          spider_nest_entry_webs, beast_lair_carwin_9
Lair:3:   layout_gridlike
Lair:4:   layout_big_grid, minmay_slime_entry_pillars,
          grunt_forest_large_clearings
Lair:5:   grunt_lair_end_beastmaster, layout_hall_layers
Spider:1: layout_spider_delve, uniq_asterion
Orc:1:    layout_caves, bh_open_orc_temple, uniq_jorgrun
Orc:2:    st_orc_pillars, layout_caves, uniq_erolcha, uniq_urug

Skill      XL: |  1  2  3  4  5  6  7  8  9 10 11 12 13 14 15 16 17 |
---------------+----------------------------------------------------+-----
Stealth        | 3 4 5 |  5.6
Conjurations   | 2 5 |  5.7
Dodging        | 3 4 5 6 8 10 11 13 14 16 | 16.5
Spellcasting   | 3 4 5 6 7 9 10 12 13 14 15 | 15.2
Air Magic      | 4 5 7 8 10 11 13 | 13.7
Hexes          | 2 3 5 |  5.0
Summonings     | 2 3 4 |  4.9
Fighting       | 6 8 11 | 11.8

Action                   |  1- 3 |  4- 6 |  7- 9 | 10-12 | 13-15 | 16-18 || total
-------------------------+-------+-------+-------+-------+-------+-------++-------
Melee: Spear             |    13 |       |       |       |       |       ||    13
       Tentacles         |     6 |     3 |     6 |       |       |       ||    15
       Unarmed           |     3 |       |       |       |       |       ||     3
       Constrict         |     9 |       |     4 |       |       |       ||    13
       Dagger            |    24 |    13 |       |       |       |       ||    37
       Falchion          |       |       |     6 |       |       |       ||     6
       Whip              |       |       |    12 |     2 |       |       ||    14
 Fire: Arbalest          |       |       |       |   136 |   169 |       ||   305
       Longbow           |       |       |       |       |       |   357 ||   357
 Cast: Shock             |    49 |   109 |    98 |     2 |       |       ||   258
       Static Discharge  |     2 |    13 |     8 |     4 |       |       ||    27
       Swiftness         |       |     1 |       |     2 |     1 |     5 ||     9
       Summon Guardian G |       |     1 |    32 |    48 |    28 |    12 ||   121
       Airstrike         |       |       |    21 |   163 |   142 |   177 ||   503
       Call Canine Famil |       |       |    15 |    33 |    43 |    51 ||   142
       Spider Form       |       |       |       |     1 |     2 |     4 ||     7
       Conjure Ball Ligh |       |       |       |       |    88 |   115 ||   203
Invok: Foxfire Swarm     |     1 |       |     1 |       |     1 |       ||     3
       Fiery Armour      |       |       |       |       |     1 |       ||     1
       Potion Petition   |       |       |       |       |       |     2 ||     2
       Call Merchant     |       |       |       |       |       |     1 ||     1
 Abil: End Transformatio |       |       |       |     1 |       |     1 ||     2
Evoke: Wand              |       |     2 |       |     2 |     4 |    18 ||    26
  Use: Potion            |     1 |       |     1 |       |     2 |     7 ||    11
       Scroll            |     5 |     7 |     4 |    10 |     6 |     9 ||    41
 Stab: Sleeping          |     3 |     1 |       |       |       |       ||     4
Armor: Skin              |     2 |     1 |     1 |     4 |     4 |    15 ||    27
Dodge: Dodged            |    37 |    13 |    39 |    77 |   191 |   314 ||   671
Block: Other             |       |     1 |     8 |    26 |    48 |    30 ||   113
       Reflection        |       |       |       |     7 |       |     6 ||    13

Table legend: (Time is in decaauts)
 A = Elapsed time spent in this place.
 B = Non-inter-level travel time spent in this place.
 C = Inter-level travel time spent in this place.
 D = Time resting spent in this place.
 E = Time spent auto-exploring this place.
 F = Levels seen in this place.
 G = Mean time per level.
                   A        B        C        D        E       F      G
               +--------+--------+--------+--------+--------+-----+--------+
         Total |  59326 |  56164 |   3162 |  25806 |  20255 |  24 | 2471.9 |
       Dungeon |  41389 |  38867 |   2522 |  17016 |  15057 |  15 | 2759.3 |
        Temple |     80 |     59 |     21 |      0 |     19 |   1 |   80.0 |
          Lair |  14921 |  14388 |    533 |   7279 |   4507 |   5 | 2984.2 |
   Spider Nest |    166 |    166 |      0 |    108 |      0 |   1 |  166.0 |
  Orcish Mines |   2769 |   2686 |     83 |   1403 |    672 |   2 | 1384.5 |
               +--------+--------+--------+--------+--------+-----+--------+

Top non-repeatable levels by time:
    D:14: 7477 daAuts
  Lair:5: 4188 daAuts
    D:13: 3832 daAuts
    D:12: 3543 daAuts
    D:10: 3352 daAuts
     D:7: 3175 daAuts
  Lair:4: 3136 daAuts
  Lair:3: 3093 daAuts
  Lair:2: 2711 daAuts
    D:15: 2596 daAuts
     D:8: 2406 daAuts
     D:5: 2364 daAuts
     D:4: 2211 daAuts
    D:11: 2190 daAuts
     D:6: 2085 daAuts
